 Dungeon Crawl Stone Soup version 0.30.1-4-g462c640d31 (webtiles) character file.

Game seed: 14946946886642655215

13407 spardeous the Destroyer (level 11, 0/74 HPs)
             Began as a Demigod Conjurer on Sept 1, 2023.
             Shot with an arrow by Nessos (13 damage)
             ... on level 12 of the Dungeon.
             The game lasted 00:18:48 (15061 turns).

spardeous the Destroyer (Demigod Conjurer)         Turns: 15061, Time: 00:18:49

Health: 0/74       AC:  9    Str: 16    XL:     11   Next: 47%
Magic:  21/30      EV: 13    Int: 31    God:
Gold:   750        SH:  0    Dex: 24    Spells: 20/32 levels left

rFire   . . .        s - +5 trident "Dadgherye" {elec, *Noise Str+4 Int+3}
rCold   . . .        (no shield)
rNeg    . . .        A - +0 steam dragon scales
rPois   .            Q - +0 helmet
rElec   .            f - +0 cloak
rCorr   .            y - +0 pair of gloves
SInv    .            o - +0 pair of boots
Will    +....        (no amulet)
Stlth   ++           h - +6 ring of dexterity
HPRegen 0.32/turn    m - +6 ring of dexterity
MPRegen 0.22/turn

%: no passive effects
@: attractive, hasted, very quick
A: high MP 1, forlorn, divine attributes
a: no special abilities


You were on level 12 of the Dungeon.
You visited 1 branch of the dungeon, and saw 12 of its levels.

You collected 878 gold pieces.
You spent 128 gold pieces at shops.

Inventory:

Hand Weapons
 s - the +5 trident "Dadgherye" (weapon) {elec, *Noise Str+4 Int+3}
   (You found it on level 2 of the Dungeon)

   Str:       It affects your strength (+4).
   Int:       It affects your intelligence (+3).
   *Noise:    It may make noises in combat.
Missiles
 L - 2 throwing nets
Armour
 f - a +0 cloak (worn)
 o - a +0 pair of boots (worn)
 q - a scarf of repulsion
 y - a +0 pair of gloves (worn)
 A - +0 steam dragon scales (worn)
 M - a +2 kite shield
 Q - a +0 helmet (worn)
Jewellery
 h - a +6 ring of dexterity (left hand)
 m - a +6 ring of dexterity (right hand)
 F - a ring of flight
 K - a +6 ring of strength
Wands
 i - a wand of flame (27)
 t - a wand of polymorph (8)
 I - a wand of light (8)
 N - a wand of mindburst (16)
Scrolls
 a - 2 scrolls of poison
 c - 6 scrolls of teleportation
 j - a scroll of summoning
 n - 2 scrolls of magic mapping
 r - 2 scrolls of vulnerability
 v - 7 scrolls of immolation {unknown}
 w - 2 scrolls of brand weapon
 B - a scroll of silence
 D - a scroll of noise
 E - 3 scrolls of amnesia
 J - 2 scrolls of enchant armour
Potions
 b - 2 potions of magic
 d - 3 potions of flight {unknown}
 e - a potion of ambrosia
 g - 3 potions of invisibility {unknown}
 p - 2 potions of lignification {unknown}
 u - a potion of degeneration {unknown}
 x - 2 potions of mutation {unknown}
 z - 3 potions of heal wounds {unknown}
 C - 2 potions of might {unknown}
 G - a potion of cancellation
 O - a potion of brilliance {unknown}


   Skills:
 - Level 1.7 Dodging
 - Level 1.7 Stealth
 - Level 11.0 Spellcasting
 + Level 11.3 Conjurations
 + Level 7.5 Translocations


You had 20 spell levels left.
You knew the following spells:

 Your Spells              Type           Power      Damage    Failure   Level
a - Magic Dart            Conj           100%       1d8       1%          1
b - Searing Ray           Conj           100%       2d8       1%          2
c - Iskenderun's Mystic   Conj/Tloc      66%        2d14      1%          4
d - Stone Arrow           Conj/Erth      100%       3d13      1%          3
e - Passwall              Tmut/Erth      14%        N/A       4%          2

Your spell library contained the following spells:

 Spells                   Type           Power      Damage    Failure   Level
 Dazzling Flash           Conj/Hex       100%       N/A       1%          3
 Sandblast                Erth           34%        2d9       3%          1
 Summon Small Mammal      Summ           68%        N/A       3%          1
 Fulminant Prism          Conj/Hex       25%        3d14      3%          4
 Ensorcelled Hibernation  Hex/Ice        34%        N/A       4%          2
 Sublimation of Blood     Necr           17%        N/A       4%          2
 Wereblood                Tmut           17%        N/A       4%          2
 Call Canine Familiar     Summ           17%        N/A       9%          3
 Spider Form              Tmut/Pois      17%        N/A       9%          3
 Summon Guardian Golem    Hex/Summ       17%        N/A       9%          3
 Anguish                  Hex/Necr       8%         N/A       28%         4
 Animate Armour           Summ/Erth      34%        N/A       28%         4
 Summon Lightning Spire   Summ/Air       17%        N/A       28%         4
 Storm Form               Tmut/Air       8%         N/A       100%        7
 Summon Hydra             Summ           8%         N/A       100%        7
 Lehudib's Crystal Spear  Conj/Erth      25%        10d7      100%        8
 Maxwell's Capacitive Co  Air            8%         ∞         100%        8


Dungeon Overview and Level Annotations

Branches:
Dungeon (12/15)            Temple (0/1) D:7            Lair (0/5) D:10
    Orc (0/2) D:9

Shops:
D:3 :   D:7 (   D:8 *?

Annotations:
D:10 3 runed translucent doors, rozman's ghost, journeyman TeFE
D:12 Nessos


Innate Abilities, Weirdness & Mutations

You have an increased reservoir of magic. (+10% MP)
You shall have no god before yourself.
Your divine heritage dramatically boosts your attributes as you level up.


Message History

You are lethally poisoned!
* * * LOW HITPOINT WARNING * * *
You hear a shout!
Nessos is attracted toward you.
You take 16 damage, and have 7/74 hp.
MASSIVE DAMAGE!!
You feel better.
Nessos shoots an arrow.
The arrow closely misses you. Nessos is attracted toward you.
You regained 6 hp, and now have 13/74 hp.
Casting: Stone Arrow (safe; 1% risk of failure)
Confirm with . or Enter, or press ? or * to list all spells.
Okay, then.
Casting: Stone Arrow (safe; 1% risk of failure)
Confirm with . or Enter, or press ? or * to list all spells.
Aiming: Stone Arrow (safe; 1% risk of failure)
Press: ? - help, Shift-Dir - straight line, f - Nessos
Aim: Nessos, wielding a +2 longbow of flaming and wearing a +0 barding (translocational energy, fast, 87% to hit)
The stone arrow misses Nessos.
Nessos shoots an arrow.
The arrow closely misses you. Nessos is attracted toward you.
You now have 27/30 mp.
Casting: Stone Arrow (safe; 1% risk of failure)
Confirm with . or Enter, or press ? or * to list all spells.
Aiming: Stone Arrow (safe; 1% risk of failure)
Press: ? - help, Shift-Dir - straight line, f/p - Nessos
Aim: Nessos, wielding a +2 longbow of flaming and wearing a +0 barding (fast, 87% to hit)
The stone arrow hits Nessos!!
Nessos is moderately wounded.
Nessos mumbles some strange words.
Nessos blinks!
Nessos is attracted toward you.
You now have 24/30 mp.
Unknown command.
Casting: Stone Arrow (safe; 1% risk of failure)
Confirm with . or Enter, or press ? or * to list all spells.
Aiming: Stone Arrow (safe; 1% risk of failure)
Press: ? - help, Shift-Dir - straight line, f/p - Nessos
Aim: Nessos, wielding a +2 longbow of flaming and wearing a +0 barding (moderately wounded, fast, 87% to hit)
The stone arrow hits Nessos!
Nessos is heavily wounded.
Nessos mumbles some strange words.
Nessos blinks!
Nessos shoots an arrow.
The arrow hits you!
You die...

#...........~#
#......§....~#
#........c~#
##.c§......~#
#...###...#~######
#...# #####~~~~~~~
#.§.# #.##...
#§.## #....##
##@.# ##...##
#...# ###..###
#§..# ###...##
#...####...###
#§...##....#
####...##### #####


You could see Nessos (fast).

Vanquished Creatures
  Erolcha (D:9)
  2 two-headed ogres (D:11)
  A boulder beetle (D:10)
  The ghost of monsoonserge the Carver, a novice DsMo of Nemelex Xobeh (D:8)
  Pikel (D:9)
  A deep elf pyromancer (D:9)
  2 manticores
  A cyclops (D:11)
  A gargoyle (D:12)
  2 komodo dragons
  A troll (D:9)
  A queen bee (D:8)
  2 hornets
  A vampire (D:11)
  A shadow (D:11)
  2 wyverns
  7 yaks
  3 steam dragons (D:7)
  3 water moccasins (D:7)
  8 orc warriors
  2 ice beasts
  3 sky beasts
  A black bear (shapeshifter) (D:9)
  3 black bears (D:7)
  An ogre (D:9)
  3 lemures (D:9)
  11 kobold brigands
  A bullfrog (D:9)
  4 scorpions
  5 gnoll sergeants
  A jelly (D:7)
  3 wights (D:9)
  11 killer bees
  2 howler monkeys (D:9)
  3 quasits (D:8)
  2 hounds
  5 orc priests
  2 iguanas (D:5)
  4 orc wizards
  8 adders
  13 gnolls
  An ufetubus (D:5)
  3 adder zombies (D:3)
  3 worms
  A dart slug (D:3)
  30 orcs
  6 ball pythons
  5 endoplasms
  A giant cockroach (D:1)
  6 hobgoblins
  10 jackals
  36 kobolds
  3 quokkas (D:4)
  4 bats
  3 frilled lizards
  4 goblins
  A jackal zombie (D:3)
  3 rats
250 creatures vanquished.

Vanquished Creatures (others)
  A scorpion (D:7)
1 creature vanquished.

Grand Total: 251 creatures vanquished

Notes
Turn   | Place    | Note
-------+----------+-------------------------------------------
     0 | D:1      | spardeous the Demigod Conjurer began the quest for the Orb.
     0 | D:1      | Reached XP level 1. HP: 14/14 MP: 5/5
   344 | D:1      | Reached XP level 2. HP: 15/20 MP: 1/7
   749 | D:1      | Reached XP level 3. HP: 19/26 MP: 3/9
  1013 | D:1      | Learned a level 2 spell: Searing Ray
  1292 | D:2      | Identified the +5 trident "Dadgherye" {elec, *Noise Str+4
                  | Int+3}
  1849 | D:3      | Found Hoedeuni's Book Emporium.
  1998 | D:3      | Reached XP level 4. HP: 33/33 MP: 6/11
  2097 | D:3      | Learned a level 4 spell: Iskenderun's Mystic Blast
  2528 | D:3      | Reached skill level 5 in Conjurations
  2528 | D:3      | Reached XP level 5. HP: 26/38 MP: 2/13
  3459 | D:4      | Reached XP level 6. HP: 39/45 MP: 9/15
  4066 | D:5      | Entered Level 5 of the Dungeon
  4490 | D:5      | Reached XP level 7. HP: 50/50 MP: 11/17
  4552 | D:5      | Reached skill level 5 in Spellcasting
  5529 | D:6      | Learned a level 3 spell: Stone Arrow
  5532 | D:6      | Learned a level 2 spell: Passwall
  6122 | D:7      | Noticed a steam dragon
  6133 | D:7      | Killed a steam dragon
  6213 | D:6      | Reached XP level 8. HP: 31/57 MP: 13/21
  6591 | D:7      | Noticed a hornet
  6598 | D:7      | Killed a hornet
  7239 | D:7      | Found a staircase to the Ecumenical Temple.
  7358 | D:7      | Reached XP level 9. HP: 62/62 MP: 14/24
  7516 | D:7      | Found Pukh's Antique Weapon Shop.
  7823 | D:8      | Found a transporter.
  7824 | D:8      | Found a transporter.
  7942 | D:8      | Found Sokleoll's Assorted Antiques.
  7946 | D:8      | Bought a fuming white potion for 28 gold pieces
  7946 | D:8      | Bought a cyan potion for 28 gold pieces
  7946 | D:8      | Bought a scroll labelled OKAYBE VEMOWN for 32 gold pieces
  8192 | D:8      | Found Zeovid's Magic Scroll Boutique.
  9146 | D:8      | Noticed monsoonserge's ghost (novice DsMo)
  9324 | D:9      | Noticed Erolcha
  9330 | D:9      | Killed Erolcha
  9331 | D:9      | Reached skill level 10 in Conjurations
  9716 | D:9      | Noticed a manticore
  9727 | D:9      | Killed a manticore
  9728 | D:9      | Reached XP level 10. HP: 19/69 MP: 6/27
 10055 | D:9      | Noticed Pikel
 10328 | D:9      | Reached skill level 1 in Translocations
 10551 | D:9      | Noticed a deep elf pyromancer
 10564 | D:9      | Killed a deep elf pyromancer
 10730 | D:9      | Found a staircase to the Orcish Mines.
 10738 | D:9      | Reached skill level 10 in Spellcasting
 10907 | D:9      | Killed Pikel
 11369 | D:8      | Bought a scroll of identify for 20 gold pieces
 11380 | D:8      | Bought a scroll of identify for 20 gold pieces
 11548 | D:9      | Found a staircase to the Orcish Mines.
 12142 | D:8      | Reached skill level 5 in Translocations
 12214 | D:8      | Killed monsoonserge's ghost
 12583 | D:10     | Entered Level 10 of the Dungeon
 12670 | D:10     | Noticed a boulder beetle
 12677 | D:10     | Killed a boulder beetle
 12678 | D:10     | Reached XP level 11. HP: 37/74 MP: 11/30
 12892 | D:10     | Found a runed translucent gate.
 12892 | D:10     | Noticed rozman's ghost (journeyman TeFE)
 12893 | D:10     | Found a runed translucent gate.
 12894 | D:10     | Found a runed translucent gate.
 13189 | D:10     | Found a staircase to the Lair.
 13204 | D:10     | Identified the +3 rapier "Qugism" {flame, Fly Will+ Str+3}
 13848 | D:11     | Noticed a two-headed ogre
 13861 | D:11     | Killed a two-headed ogre
 14059 | D:11     | Noticed a two-headed ogre
 14075 | D:11     | Killed a two-headed ogre
 15041 | D:12     | Noticed Nessos
 15061 | D:12     | Shot with an arrow by Nessos

Illustrated notes

Levels and vault maps discovered:
D:1:      dpeg_arrival_short_road, layout_basic
D:2:      layout_rooms, ebering_ecumenical_altar_mist
D:3:      layout_basic, mainiacjoe_overflow_catwalk,
          nicolae_yredelemnul_corpse_copse, serial_shops, shop,
          minmay_misc_feat_enclosed
D:4:      layout_cave_pods, nemelex_dance_club_becter, serial_column_ruins,
          column_ruins_open_tiny, column_ruins_columns_straight,
          column_ruins_open_tiny, column_ruins_open_tiny,
          column_ruins_columns_T, column_ruins_open_small
D:5:      layout_rooms, mainiacjoe_overflow_alcove_2, mainiacjoe_overflow_paths
D:6:      layout_rooms, dreamdust_divine_triumvirate,
          chequers_serial_rivers_room_b
D:7:      layout_loops_corners, mainiacjoe_overflow_small_starburst,
          minmay_temple_entry_gardened_gates, serial_shops,
          nicolae_lakefront_shop, hangedman_misty_isle
D:8:      cheibrodos_quashed, layout_layer_cave, lemuel_round_altar,
          kennysheep_mini, gammafunk_ghost_hive, serial_shops,
          nicolae_shop_pleasant_corner_grove, nicolae_take_the_stairs
D:9:      layout_basic, kennysheep_orc_monster_closet_entryway,
          hangedman_decor_clover_reticule, small_chamber_with_monster,
          uniq_pikel, uniq_erolcha
D:10:     layout_roguey, david_lair_shrubbed, biasface_ghost_orc_armoury
D:11:     layout_roguey
D:12:     layout_cave_pods, minmay_crystal_box, uniq_nessos

Skill      XL: |  1  2  3  4  5  6  7  8  9 10 11 |
---------------+----------------------------------+-----
Spellcasting   | 2 3 4 6 7 9 10 11 | 11.0
Conjurations   | 4 5 6 7 8 10 11 | 11.3
Translocations | 5 7 |  7.5
Dodging        | |  1.7
Stealth        | |  1.7

Action                     |  1- 3 |  4- 6 |  7- 9 | 10-12 || total
---------------------------+-------+-------+-------+-------++-------
  Melee: Dagger            |    27 |       |       |       ||    27
         Trident           |       |     9 |     1 |       ||    10
   Cast: Magic Dart        |    82 |    99 |   154 |    72 ||   407
         Searing Ray       |     1 |     9 |    41 |    28 ||    79
         Stone Arrow       |       |       |     9 |    31 ||    40
         Iskenderun's Myst |       |       |       |    35 ||    35
         Passwall          |       |       |       |     2 ||     2
    Use: Scroll            |       |       |       |    16 ||    16
         Potion            |       |       |       |     4 ||     4
 Armour: Robe              |    12 |       |       |       ||    12
         Ring mail         |       |    12 |    14 |       ||    26
         Steam dragon scal |       |       |    19 |    19 ||    38
  Dodge: Dodged            |    42 |    32 |    68 |    79 ||   221
